 Dungeon Crawl Stone Soup version 0.29-a0-620-g13ace881f2 (webtiles) character file.

Game seed: 2772584507082280714

481566 Megalobster the Axe Maniac (level 23, -4/240 HPs)
             Began as a Minotaur Berserker on June 2, 2022.
             Was the Champion of Trog.
             Killed from afar by a living spell (38 damage)
             ... with a crystal spear
             ... summoned by a walking crystal tome
             ... on level 3 of the Depths on June 18, 2022.
             The game lasted 02:56:36 (47791 turns).

Megalobster the Axe Maniac (Minotaur Berserker)    Turns: 47791, Time: 02:56:36

Health: -4/240     AC: 47    Str: 31    XL:     23   Next: 42%
Magic:  22/22      EV: 13    Int: 13    God:    Trog [******]
Gold:   2059       SH:  0    Dex: 20    Spells: 22/22 levels left

rFire   + . .      SeeInvis .   a - +9 executioner's axe (vamp)
rCold   + + .      Faith    .   (shield currently unavailable)
rNeg    + + .      Spirit   .   C - +8 gold dragon scales
rPois   +          Reflect  .   (helmet unavailable)
rElec   +          Harm     .   H - +2 cloak {Stlth+}
rCorr   .          Rampage  .   W - +2 pair of gloves {Stlth+}
Will    +....                   T - +2 pair of boots
Stlth   ..........              A - amulet of regeneration
HPRegen 1.30/turn               R - ring of Focy {rC+ rN+ Int+4 Dex+6}
MPRegen 0.18/turn               K - ring of Insomnia {rElec rN+ Int+5 Dex+2}

@: no status effects
A: horns 3, retaliatory headbutt, iridescent scales 1
}: 3/15 runes: decaying, serpentine, abyssal
a: Renounce Religion, Berserk, Trog's Hand, Brothers in Arms


You were on level 3 of the Depths.
You worshipped Trog.
Trog was exalted by your worship.
You visited 8 branches of the dungeon, and saw 39 of its levels.
You visited the Abyss 2 times.
You also visited: Bailey, Gauntlet and Ice Cave.

You collected 5495 gold pieces.
You spent 3436 gold pieces at shops.

Inventory:

Hand Weapons
 a - a +9 vampiric executioner's axe (weapon)
 b - a +8 battleaxe of flaming
 Y - a +3 executioner's axe of flaming
Missiles
 h - 42 boomerangs (quivered)
 i - 4 throwing nets {!f}
Armour
 f - a +2 hat of intelligence
 C - +8 gold dragon scales (worn)
 H - a +2 cloak of stealth (worn)
 T - a +2 pair of boots (worn)
 W - a +2 pair of gloves of stealth (worn)
Jewellery
 r - a ring of resist corrosion
 t - the ring "Cyapuhe" {Ice rN++ Int-4 Dex+3}
   (You found it in a Gauntlet)

   [ring of ice]

   It enhances your ice magic.
   Int:       It affects your intelligence (-4).
   Dex:       It affects your dexterity (+3).
   rF:        It makes you vulnerable to fire.
   rC:        It protects you from cold.
   rN:        It greatly protects you from negative energy.
 u - the ring of Raugid {Fly rPois Int+5}
   (You bought it in a shop on level 2 of the Orcish Mines)

   [ring of flight]

   Int:       It affects your intelligence (+5).
   rPois:     It protects you from poison.
   Fly:       It grants you flight.
 A - an amulet of regeneration (around neck)
 K - the ring of Insomnia (right hand) {rElec rN+ Int+5 Dex+2}
   (You acquired it on level 4 of the Lair of Beasts)

   [ring of positive energy]

   Int:       It affects your intelligence (+5).
   Dex:       It affects your dexterity (+2).
   rElec:     It insulates you from electricity.
   rN:        It protects you from negative energy.
 M - a ring of see invisible
 R - the ring of Focy (left hand) {rC+ rN+ Int+4 Dex+6}
   (You found it on level 15 of the Dungeon)

   [ring of dexterity]

   Int:       It affects your intelligence (+4).
   Dex:       It affects your dexterity (+6).
   rC:        It protects you from cold.
   rN:        It protects you from negative energy.
 V - the ring of Happiness {rC+ Int+6}
   (You found it on level 6 of the Lair of Beasts)

   [ring of intelligence]

   Int:       It affects your intelligence (+6).
   rC:        It protects you from cold.
Wands
 d - a wand of iceblast (16)
 l - a wand of mindburst (20)
 w - a wand of digging (10)
 B - a wand of flame (23)
 E - a wand of paralysis (17)
 G - a wand of acid (31)
 N - a wand of charming (4)
 O - a wand of polymorph (15)
Scrolls
 c - 6 scrolls of blinking
 e - 12 scrolls of teleportation
 v - 6 scrolls of fear
 y - 12 scrolls of fog
 F - 5 scrolls of immolation
 I - 5 scrolls of poison
 Q - 2 scrolls of summoning
 S - a scroll of magic mapping
 X - a scroll of silence
 Z - a scroll of enchant armour
Potions
 g - 14 potions of mutation
 j - 4 potions of magic
 k - 7 potions of ambrosia
 m - 4 potions of resistance
 n - 5 potions of haste
 o - 7 potions of curing {@q1}
 p - 10 potions of heal wounds
 q - 5 potions of might
 s - 5 potions of lignification
 z - 7 potions of cancellation
 P - 2 potions of invisibility
Miscellaneous
 x - a condenser vane
 J - a tin of tremorstones (1/2)
 U - a phial of floods


   Skills:
 O Level 27 Fighting
 O Level 27 Axes
 + Level 24.5 Armour
 - Level 9.1 Dodging
 - Level 12.5 Evocations


You had 22 spell levels left.
You didn't know any spells.
Your spell library was empty.

Dungeon Overview and Level Annotations

Branches:
Dungeon (15/15)            Temple (0/1) D:6            Lair (6/6) D:9
  Swamp (4/4) Lair:4        Snake (4/4) Lair:2        Slime (1/5) Lair:5
    Orc (2/2) D:12            Elf (0/3) Orc:2        Vaults (4/5) D:14
  Crypt (0/3) Vaults:2     Depths (3/4) D:15         Bailey (visited)
  IceCv (visited)         Gauntlet (visited)

Altars:
Cheibriados
Fedhas
Kikubaaqudgha
Nemelex Xobeh
Qazlal
Trog
Wu Jian
Yredelemnul
Zin
Beogh

Shops:
D:1 =   D:10 !   Orc:1 *=(   Orc:2 (?==   Snake:2 *   Snake:3 (   Vaults:2 !
Vaults:4 *:

Portals:
Hell: Depths:1 Depths:2
Pandemonium: Depths:2
Ziggurat: Depths:1

Annotations:
Swamp:4 exclusion: 2 oklob plants


Innate Abilities, Weirdness & Mutations

You have a pair of large horns on your head.
You reflexively headbutt those who attack you in melee.
You are partially covered in iridescent scales. (AC +2)


Message History

The bolt of cold hits you. You resist.
You take 51 damage, and have 189/240 hp.
MASSIVE DAMAGE!!
You slash the frost giant! You headbutt the frost giant!
The frost giant is moderately wounded.
You cut the frost giant into ribbons!!!
You feel better.
You headbutt the frost giant!
The frost giant is severely wounded.
The walking crystal tome erupts in a flurry of living spells!
The frost giant barely misses you. You furiously retaliate!
You headbutt the frost giant, but do no damage.
The living spell casts itself at you. The crystal spear hits you!
The living spell casts itself at you. The crystal spear hits you!!!
You take 42 damage, and have 148/240 hp.
You are too injured to fight recklessly!
You slice the frost giant!!
You feel better.
You kill the frost giant!
Trog accepts your kill.
Trog appreciates your killing of a magic user.
The living spell casts itself at you. The crystal spear hits you!!!
The living spell casts itself at you. The crystal spear hits you!!!
The living spell casts itself at you. The crystal spear misses you.
You take 71 damage, and have 77/240 hp.
MASSIVE DAMAGE!!
The living spell casts itself at you. The crystal spear hits you!!!
* * * LOW HITPOINT WARNING * * *
Things that are here:
a +1 battleaxe of freezing; a frost giant corpse You take 44 damage, and have 33/240 hp.
You slice the walking crystal tome like a ripe choko!!!!
You headbutt the walking crystal tome, but do no damage.
The walking crystal tome is almost destroyed.
The living spell casts itself at you. The crystal spear hits you!!!
You die...

#... ... #.
#.....#.# # #.#
#......... ...
#.....#.#>#.#.#
#.........*..!
#.....#.#.#.#.#
#.........$..#
#......@;....#
#............#
#.......#+####
#.......#
#.......#
#.......#
#.....###
#.....# #.....#


You could see a walking crystal tome and a living crystal spell (summoned).

Vanquished Creatures
  A dread lich (Abyss:4)
  Mara (Swamp:4)
  Parghit (Depths:3)
  Nikola (Swamp:4)
  A tentacled monstrosity (Abyss:4)
  Mlioglotl (Swamp:4)
  5 liches
  Asterion (Depths:2)
  A titan (Depths:2)
  An ancient champion (Depths:1)
  9 sphinxes
  3 thorn hunters
  Roxanne (Snake:1)
  8 nagarajas
  10 vault wardens
  3 fire giants
  3 frost giants
  3 fenstrider witches
  Aizul (Vaults:1)
  A caustic shrike zombie (Abyss:4)
  2 orc warlords
  The ghost of gabibbone the Severer, a journeyman MiBe of Trog (D:14)
  Louise (Swamp:4)
  The ghost of Muixitaz the Fighter, an adept VSBr of Uskayaw (D:14)
  13 ironbound preservers
  A reaper (Abyss:4)
  A hydra skeleton (Swamp:4)
  10 very ugly things
  4 ironbound thunderhulks
  2 caustic shrike skeletons (Depths:2)
  4 stone giants
  4 vampire knights
  A draconian annihilator (Abyss:4)
  A deep elf demonologist (Abyss:3)
  2 eleionomae
  A lorocyproca (Abyss:4)
  4 dire elephants (Vaults:4)
  2 minotaurs
  A bunyip (Swamp:4)
  An entropy weaver (Vaults:3)
  An eidolon (Vaults:2)
  2 blizzard demons (IceCv)
  8 ettins
  5 fire dragons
  2 deep elf death magi (Vaults:2)
  A crystal guardian (Vaults:4)
  4 great orbs of eyes
  A spriggan zombie (Depths:2)
  A shambling mangrove (Swamp:4)
  15 vault guards
  27 hydras
  6 yaktaur captains
  2 boulder beetles
  3 hell beasts
  Erolcha (D:11)
  5 rakshasas (Depths:2)
  6 ice dragons
  A ghost crab (Swamp:3)
  A catoblepas (Lair:4)
  6 ogre magi
  5 ironbound frosthearts
  2 salamander tyrants
  2 spriggan air magi (Depths:2)
  A peacekeeper (Vaults:4)
  24 two-headed ogres
  23 centaur warriors
  A death knight (D:12)
  4 anacondas
  The ghost of Roaleyf the Cruncher, a journeyman DsDe of Qazlal (Lair:1)
  Erica (D:8)
  20 death yaks
  13 naga warriors
  2 vampire magi
  3 deep troll shamans
  6 tengu warriors
  7 alligators
  6 deep troll earth magi
  3 hell hogs
  6 hell knights (Depths:2)
  8 shock serpents
  23 naga sharpshooters
  A thrashing horror (Abyss:4)
  2 spriggan berserkers (Depths:2)
  An orc high priest (Orc:1)
  A soul eater (Depths:2)
  A deep elf knight (D:14)
  Nergalle (D:10)
  8 iron trolls
  6 salamander mystics
  A sea snake (shapeshifter) (D:9)
  5 skeletal warriors (D:13)
  8 spriggan druids
  A sea snake (Snake:1)
  A golden dragon skeleton (Depths:2)
  5 goliath frogs
  4 glowing orange brains
  3 flayed ghosts (Depths:2)
  2 spectral hydras (Swamp:4)
  5 swamp dragons
  An obsidian statue (IceCv)
  53 deep trolls
  11 wizards
  Pikel (D:6)
  8 lindwurms
  4 necromancers
  3 phantasmal warriors
  7 spriggan simulacra (IceCv)
  4 bog bodies
  3 deep elf zephyrmancers
  8 ironbound convokers
  4 naga ritualists
  3 orc knights
  3 deep elf pyromancers
  33 ugly things
  3 cyclopes
  2 orc sorcerers
  3 draconians (Abyss:4)
  2 will-o-the-wisps
  12 salamanders
  10 mana vipers
  30 slime creatures
  4 elephants
  A worldbinder (Abyss:4)
  3 manticores
  26 black mambas
  Joseph (D:7)
  13 naga magi
  An apocalypse crab (Abyss:4)
  A guardian serpent (shapeshifter) (D:13)
  3 guardian serpents
  2 torpor snails
  13 vault sentinels
  19 cane toads
  20 yaktaurs
  Maggie (D:6)
  3 kobold demonologists
  An efreet (D:11)
  12 komodo dragons
  3 freezing wraiths
  6 tengu conjurers
  3 entropy weaver simulacra (IceCv)
  Psyche (D:11)
  2 rime drakes
  An ancient zyme (Abyss:3)
  10 ice devils (IceCv)
  A large abomination (Abyss:4)
  A hydra zombie (Swamp:4)
  4 polar bears
  A raiju (shapeshifter) (D:13)
  14 hornets
  A bloated husk (Swamp:1)
  4 trolls
  A death drake zombie (Swamp:4)
  11 tyrant leeches
  34 blink frogs
  A blink frog (shapeshifter) (D:11)
  2 raiju
  2 death drake skeletons (Swamp:4)
  Sigmund (D:3)
  A shadow (D:11)
  A vampire (D:10)
  12 spriggans
  Eustachio (D:6)
  An air elemental (Abyss:4)
  5 wyverns
  5 wraiths
  66 yaks
  3 hogs (Lair:5)
  2 basilisks
  A redback (Vaults:3)
  A dire elephant simulacrum (IceCv)
  16 vampire mosquitoes
  An unseen horror simulacrum (D:9)
  A golden eye (Lair:5)
  10 minotaur simulacra (IceCv)
  A steam dragon (Gauntlet)
  5 hydra simulacra
  A neqoxec (Abyss:3)
  A warg (Orc:1)
  2 harpy simulacra (IceCv)
  36 nagas
  13 swamp worms
  16 water moccasins
  A floating eye (Depths:3)
  3 acid dragons
  17 orc warriors
  7 swamp drakes
  A black bear (Lair:3)
  3 alligator simulacra (IceCv)
  An ice beast (D:6)
  3 sky beasts
  4 swamp dragon zombies (Swamp:4)
  2 ettin simulacra (IceCv)
  29 ogres
  20 wolves
  2 boggarts (Vaults:4)
  2 swamp dragon skeletons (Swamp:4)
  6 centaurs
  2 lemures (D:6)
  2 phantoms
  7 kobold brigands
  19 bullfrogs
  6 deep troll simulacra (IceCv)
  5 small abominations
  4 gnoll sergeants
  6 scorpions
  8 necrophages
  12 wights
  4 lindwurm simulacra (IceCv)
  A killer bee (D:9)
  7 electric eels
  6 howler monkeys
  4 crimson imps
  12 jellies
  Crazy Yiuf (D:6)
  13 orc priests
  2 gnoll shamans
  6 hounds
  Jessica (D:3)
  2 iguanas
  21 orc wizards
  A killer bee zombie (D:9)
  Robin (D:4)
  24 gnolls
  3 river rats (D:9)
  11 adders
  2 white imps
  4 worms
  2 dart slugs
  64 orcs
  12 endoplasms
  2 giant cockroaches (D:4)
  18 goblins
  14 hobgoblins
  13 quokkas
  6 ball pythons
  4 bats
  3 frilled lizards
  34 kobolds
  15 rats
  8 briar patches (Swamp:3)
  A starspawn tentacle (Abyss:4)
1560 creatures vanquished.

Vanquished Creatures (collateral kills)
  3 very ugly things (Vaults:1)
  A blizzard demon (Abyss:4)
  A shambling mangrove (Swamp:4)
  A thrashing horror (Abyss:4)
  A skeletal warrior (Vaults:2)
  A salamander mystic (Snake:4)
  A deep troll (Vaults:2)
  A swamp dragon (Swamp:4)
  2 ugly things (Vaults:2)
  A naga mage (Snake:4)
  A death drake skeleton (Swamp:4)
  A large abomination (Abyss:4)
  3 nagas (Snake:4)
  3 starcursed masses (Abyss:4)
  A small abomination (Abyss:4)
22 creatures vanquished.

Vanquished Creatures (others)
  Kirke (Lair:5)
  2 wizards
  An ancient zyme (Abyss:3)
  A bloated husk (Swamp:2)
  2 humans
  2 boggarts (Vaults:4)
  A white imp (Abyss:2)
  A briar patch (Swamp:3)
  A bush (Lair:6)
  9 foxfires
  38 fungi
  110 plants
  2 starspawn tentacles (Abyss:4)
  6 withered plants (D:9)
177 creatures vanquished.

Grand Total: 1759 creatures vanquished

Notes
Turn   | Place    | Note
-------+----------+-------------------------------------------
     0 | D:1      | Megalobster the Minotaur Berserker began the quest for the
                  | Orb.
     0 | D:1      | Reached XP level 1. HP: 19/19 MP: 0/0
   325 | D:1      | Reached XP level 2. HP: 12/26 MP: 1/1
   905 | D:1      | Found Xoyfel's One-of-a-Kind Rings.
   966 | D:1      | Reached skill level 5 in Axes
  1073 | D:2      | Reached XP level 3. HP: 31/31 MP: 2/2
  1481 | D:2      | Reached ** piety under Trog
  2067 | D:3      | Reached XP level 4. HP: 39/39 MP: 3/3
  2270 | D:3      | Found a stormy altar of Qazlal.
  2451 | D:3      | Found a faded altar of an unknown god.
  2483 | D:3      | Noticed Sigmund
  2491 | D:3      | Killed Sigmund
  2492 | D:3      | Reached XP level 5. HP: 41/45 MP: 4/4
  2619 | D:3      | Noticed Jessica
  2622 | D:3      | Killed Jessica
  2623 | D:3      | Reached XP level 6. HP: 51/51 MP: 5/5
  2852 | D:3      | Upgraded the game from 0.29-a0-541-gaf1fc19f1b to
                  | 0.29-a0-553-g81b289dbe5
  3965 | D:4      | Noticed an orc warrior
  4016 | D:4      | Killed an orc warrior
  4034 | D:4      | Reached XP level 7. HP: 42/57 MP: 6/6
  4559 | D:4      | Reached skill level 5 in Armour
  4807 | D:4      | Identified the -1 helmet "Eceilena" {Int+6}
  4807 | D:4      | Noticed Robin
  4817 | D:4      | Killed Robin
  5120 | D:5      | Entered Level 5 of the Dungeon
  5145 | D:5      | Reached skill level 10 in Axes
  5150 | D:5      | Reached XP level 8. HP: 63/64 MP: 7/7
  5195 | D:5      | Reached *** piety under Trog
  6049 | D:6      | Noticed Pikel
  6066 | D:6      | Killed Pikel
  6067 | D:6      | Reached XP level 9. HP: 70/70 MP: 8/8
  6142 | D:6      | Noticed Maggie
  6152 | D:6      | Killed Maggie
  6185 | D:6      | You fall into a shaft and drop 3 floors!
  6415 | D:9      | Found a staircase to the Lair.
  6415 | D:9      | Noticed a death yak
  6416 | D:9      | Noticed a death yak
  6435 | D:9      | Killed a death yak
  6436 | D:9      | Reached skill level 10 in Armour
  7059 | D:8      | Noticed a troll
  7075 | D:8      | Killed a troll
  7076 | D:8      | Reached XP level 10. HP: 77/77 MP: 9/9
  7387 | D:7      | Noticed Joseph
  7485 | D:7      | Found a flagged portal.
  7494 | Bailey   | Entered a bailey
  7506 | Bailey   | Noticed an orc warlord
  7582 | Bailey   | Noticed an orc knight
  7593 | Bailey   | Killed an orc knight
  7719 | Bailey   | Found a runed translucent gate.
  7721 | Bailey   | Found a runed translucent gate.
  7724 | Bailey   | Found a runed translucent gate.
  7777 | Bailey   | Killed an orc warlord
  7832 | Bailey   | Identified the +7 scale mail of Gehenna {rElec}
  7846 | Bailey   | Reached XP level 11. HP: 82/82 MP: 10/10
  7948 | D:6      | Noticed Eustachio
  7959 | D:6      | Killed Eustachio
  8020 | D:6      | Reached skill level 1 in Evocations
  8294 | D:6      | Found a staircase to the Ecumenical Temple.
  8488 | D:6      | Found a glowing silver altar of Zin.
  8507 | D:6      | Found a sparkling altar of Nemelex Xobeh.
  8989 | D:6      | Found a runed translucent door.
  8990 | D:6      | Noticed Crazy Yiuf
  8996 | D:6      | Killed Crazy Yiuf
  9133 | D:7      | Killed Joseph
  9782 | D:8      | Noticed Erica
  9798 | D:8      | Killed Erica
  9982 | D:8      | Reached **** piety under Trog
  9986 | D:8      | Reached skill level 15 in Armour
 10203 | D:9      | Reached XP level 12. HP: 90/90 MP: 11/11
 10493 | D:9      | Noticed a death yak
 10504 | D:9      | Killed a death yak
 10505 | D:9      | Reached skill level 5 in Evocations
 10510 | D:9      | Killed a death yak
 10689 | D:10     | Entered Level 10 of the Dungeon
 10796 | D:10     | Found Xialen's Distillery.
 10848 | D:10     | Bought a potion of might for 68 gold pieces
 10848 | D:10     | Bought 2 potions of curing for 102 gold pieces
 10848 | D:10     | Bought a potion of haste for 170 gold pieces
 10848 | D:10     | Bought a potion of might for 68 gold pieces
 10848 | D:10     | Bought a potion of might for 68 gold pieces
 11041 | D:9      | Noticed a boulder beetle
 11057 | D:9      | Noticed a five-headed hydra
 11276 | D:9      | Killed a five-headed hydra
 11388 | D:9      | Killed a boulder beetle
 11546 | D:9      | Reached ***** piety under Trog
 11722 | D:10     | Cast into level 2 of the Abyss (a wizard)
 11789 | Abyss:2  | Noticed a bone dragon
 11810 | Abyss:2  | Noticed a balrug
 12055 | Abyss:3  | Noticed a starcursed mass
 12061 | Abyss:3  | Noticed a starcursed mass
 12095 | Abyss:4  | Noticed a starcursed mass
 12109 | Abyss:4  | Noticed a tentacled starspawn
 12156 | D:10     | Escaped the Abyss
 12692 | D:10     | Found an ancient bone altar of Kikubaaqudgha.
 12693 | D:10     | Noticed Nergalle
 12711 | D:10     | Killed Nergalle
 12988 | Lair:1   | Entered Level 1 of the Lair of Beasts
 13237 | Lair:1   | Reached XP level 13. HP: 95/95 MP: 12/12
 13451 | Lair:1   | Found a runed translucent gate.
 13451 | Lair:1   | Found a runed translucent gate.
 13451 | Lair:1   | Found a runed translucent gate.
 13472 | Lair:1   | Noticed a minotaur
 13611 | Lair:1   | Noticed Roaleyf's ghost (journeyman DsDe)
 13700 | Lair:1   | Killed a minotaur
 13703 | Lair:1   | Killed Roaleyf's ghost
 13704 | Lair:1   | Reached skill level 10 in Evocations
 14205 | Lair:1   | Identified 2 scrolls of acquirement
 14206 | Lair:1   | Acquired a +2 executioner's axe of venom
 14210 | Lair:1   | Acquired a manual of Axes
 14419 | D:1      | Bought a +3 ring of slaying for 630 gold pieces
 14887 | Lair:2   | Found a staircase to the Snake Pit.
 15014 | Lair:2   | Reached skill level 5 in Fighting
 15268 | Lair:2   | Received a gift from Trog
 15571 | Lair:3   | Upgraded the game from 0.29-a0-553-g81b289dbe5 to
                  | 0.29-a0-598-gd8304a5bf4
 16504 | Lair:4   | Upgraded the game from 0.29-a0-598-gd8304a5bf4 to
                  | 0.29-a0-613-gf2c431b9b9
 16551 | Lair:4   | Found a runed translucent door.
 16586 | Lair:4   | Acquired the ring of Insomnia {rElec rN+ Int+5 Dex+2}
 16707 | Lair:4   | Reached XP level 14. HP: 113/113 MP: 13/13
 16797 | Lair:4   | Found a staircase to the Swamp.
 17934 | Lair:5   | Noticed Kirke
 17954 | Lair:5   | Killed Kirke
 17962 | Lair:5   | Received a gift from Trog
 18370 | Lair:5   | Found a staircase to the Slime Pits.
 18794 | Lair:6   | Entered Level 6 of the Lair of Beasts
 19203 | Slime:1  | Entered Level 1 of the Pits of Slime
 19407 | Lair:6   | Reached skill level 10 in Fighting
 19773 | Lair:6   | Upgraded the game from 0.29-a0-613-gf2c431b9b9 to
                  | 0.29-a0-620-g13ace881f2
 19832 | Lair:6   | Identified the ring of Happiness {rC+ Int+6}
 19842 | Lair:6   | Identified the +0 leather armour of the Distant Future
                  | {Dex+3}
 20072 | Lair:6   | Received a gift from Trog
 20655 | Lair:6   | Reached XP level 15. HP: 128/128 MP: 14/14
 21611 | D:11     | Noticed Erolcha
 21630 | D:11     | Killed Erolcha
 22021 | D:11     | Noticed Psyche
 22025 | D:11     | Killed Psyche
 22652 | D:12     | Found a staircase to the Orcish Mines.
 23165 | Orc:1    | Entered Level 1 of the Orcish Mines
 23213 | Orc:1    | Found Huireg's Assorted Antiques.
 23222 | Orc:1    | Bought a scroll of teleportation for 90 gold pieces
 23222 | Orc:1    | Bought a potion of curing for 90 gold pieces
 23310 | Orc:2    | Entered Level 2 of the Orcish Mines
 23320 | Orc:2    | Found a staircase to the Elven Halls.
 23584 | Orc:2    | Received a gift from Trog
 23773 | Orc:2    | Reached skill level 5 in Dodging
 23908 | Orc:2    | Found Ezemp's Jewellery Shoppe.
 23908 | Orc:2    | Found Quusaota's Antique Weapon Shop.
 23912 | Orc:2    | Found Toidahun's Jewellery Boutique.
 23912 | Orc:2    | Found Hosm's Magic Scroll Shoppe.
 24406 | Orc:1    | Received a gift from Trog
 24510 | Orc:1    | Found Joabletz's Weapon Shoppe.
 24548 | Orc:1    | Found Systral's Jewellery Emporium.
 24905 | Orc:2    | Bought the ring of Raugid {Fly rPois Int+5} for 470 gold
                  | pieces
 24910 | Orc:2    | Bought a scroll of enchant armour for 90 gold pieces
 24910 | Orc:2    | Bought a scroll of blinking for 90 gold pieces
 24910 | Orc:2    | Bought a scroll of fog for 24 gold pieces
 24910 | Orc:2    | Bought a scroll of blinking for 90 gold pieces
 24910 | Orc:2    | Bought a scroll of blinking for 90 gold pieces
 25172 | D:13     | Found a snail-covered altar of Cheibriados.
 25250 | D:13     | Reached XP level 16. HP: 141/141 MP: 15/15
 25766 | D:14     | Found a frozen archway.
 25783 | IceCv    | Entered an ice cave
 26505 | IceCv    | Received a gift from Trog
 27158 | D:14     | Found a bloodstained altar of Trog.
 27371 | Swamp:1  | Entered Level 1 of the Swamp
 27749 | Orc:2    | Bought a ring of resist corrosion for 300 gold pieces
 29123 | Swamp:2  | Received a gift from Trog
 29356 | Swamp:2  | Noticed a thorn hunter
 29363 | Swamp:2  | Killed a thorn hunter
 29364 | Swamp:2  | Reached skill level 27 in Axes
 29640 | Swamp:3  | Found a stormy altar of Qazlal.
 30050 | Swamp:3  | Identified the +9 mace "Exazxir" {elec, rN+ Dex-2 Stlth+}
 30093 | Swamp:3  | Noticed a thorn hunter
 30104 | Swamp:3  | Killed a thorn hunter
 30550 | Swamp:4  | Entered Level 4 of the Swamp
 30550 | Swamp:4  | Noticed Louise
 30560 | Swamp:4  | Killed Louise
 30561 | Swamp:4  | Reached skill level 15 in Fighting
 30561 | Swamp:4  | Reached XP level 17. HP: 156/156 MP: 16/16
 30933 | Swamp:4  | Noticed Mara
 30935 | Swamp:4  | Noticed Megalobster's illusion
 31058 | Swamp:4  | Noticed Mlioglotl
 31068 | Swamp:4  | Noticed Megalobster's illusion
 31069 | Swamp:4  | Killed Mlioglotl
 31149 | Swamp:4  | Noticed Nikola
 31157 | Swamp:4  | Killed Mara
 31163 | Swamp:4  | Killed Nikola
 31517 | Swamp:4  | Found a basalt altar of Yredelemnul.
 31533 | Swamp:4  | Got a decaying rune of Zot
 31743 | Swamp:4  | Found a blossoming altar of Fedhas.
 32233 | Snake:1  | Entered Level 1 of the Snake Pit
 32378 | Snake:1  | Identified Roxanne's Papyrus of Shape Shifting
 32378 | Snake:1  | Noticed Roxanne
 32408 | Snake:1  | Killed Roxanne
 32992 | Snake:1  | Identified the +7 shortbow "Ettyh" {flame, rElec rPois
                  | Str-3 Dex+3}
 33187 | Snake:1  | Found a snail-covered altar of Cheibriados.
 33309 | Snake:1  | Found an ornate altar of the Wu Jian Council.
 34282 | Snake:2  | Found Sempeawn's Assorted Antiques.
 34303 | Snake:2  | Bought a faintly humming cloak for 209 gold pieces
 34303 | Snake:2  | Identified the +1 cloak "Oduin" {Int+3} (You bought it in a
                  | shop on level 2 of the Snake Pit)
 34303 | Snake:2  | Bought a scroll of enchant weapon for 165 gold pieces
 34679 | Snake:3  | Reached XP level 18. HP: 171/171 MP: 17/17
 34739 | Snake:3  | Found Raapozij's Antique Weapon Shoppe.
 34988 | Snake:3  | Received a gift from Trog
 35624 | Snake:4  | Entered Level 4 of the Snake Pit
 36814 | Snake:4  | Got a serpentine rune of Zot
 37443 | D:14     | Identified the +11 lajatang of Piclicua {flame, SInv} (Trog
                  | gifted it to you on level 14 of the Dungeon)
 37443 | D:14     | Received a gift from Trog
 37744 | D:14     | Found a runed translucent gate.
 37744 | D:14     | Found a runed translucent gate.
 37745 | D:14     | Found a runed translucent gate.
 37746 | D:14     | Noticed Muixitaz's ghost (adept VSBr)
 37747 | D:14     | Noticed gabibbone's ghost (journeyman MiBe)
 37764 | D:14     | Killed gabibbone's ghost
 37764 | D:14     | Killed Muixitaz's ghost
 37928 | D:14     | Found a gate to the Vaults.
 38115 | D:15     | Entered Level 15 of the Dungeon
 38167 | D:15     | Found a gate leading to a gauntlet.
 38172 | Gauntlet | Entered a Gauntlet
 38172 | Gauntlet | Found a transporter.
 38172 | Gauntlet | Found a runed translucent gate.
 38172 | Gauntlet | Found a runed translucent gate.
 38274 | Gauntlet | Found a runed translucent gate.
 38279 | Gauntlet | Found a transporter.
 38281 | Gauntlet | Found a transporter.
 38322 | Gauntlet | Found a transporter.
 38382 | Gauntlet | Found a transporter.
 38392 | Gauntlet | Found a transporter.
 38392 | Gauntlet | Found a transporter.
 38395 | Gauntlet | Identified the ring "Cyapuhe" {Ice rN++ Int-4 Dex+3}
 38399 | Gauntlet | Found a runed translucent door.
 38427 | Gauntlet | Found a transporter.
 38427 | Gauntlet | Found a transporter.
 38447 | Gauntlet | Found a transporter.
 38447 | Gauntlet | Found a transporter.
 38463 | Gauntlet | Identified the amulet of Roihiokk {Faith Int+3}
 38526 | Gauntlet | Identified the +3 leather armour "Eretufuf" {rElec Dex+2}
 38582 | D:15     | Identified the ring of Focy {rC+ rN+ Int+4 Dex+6}
 38757 | D:15     | Reached XP level 19. HP: 189/189 MP: 18/18
 38929 | D:15     | Identified the +1 ring mail "Bullobb" {rElec rCorr Str+2}
 39029 | D:15     | Found a staircase to the Depths.
 39268 | Vaults:1 | Entered Level 1 of the Vaults
 39460 | Vaults:1 | Noticed Aizul
 39474 | Vaults:1 | Killed Aizul
 39483 | Vaults:1 | Received a gift from Trog
 40413 | Vaults:2 | Found Roghock's Distillery.
 40420 | Vaults:2 | Bought a potion of magic for 80 gold pieces
 40420 | Vaults:2 | Bought a potion of mutation for 80 gold pieces
 40420 | Vaults:2 | Bought a potion of ambrosia for 80 gold pieces
 40420 | Vaults:2 | Bought a potion of cancellation for 80 gold pieces
 40420 | Vaults:2 | Bought a potion of curing for 30 gold pieces
 40420 | Vaults:2 | Bought a potion of haste for 100 gold pieces
 40475 | Vaults:2 | Paralysed by a sphinx for 5 turns
 40846 | Vaults:2 | Paralysed by a sphinx for 2 turns
 40999 | Vaults:2 | Received a gift from Trog
 41397 | Vaults:2 | Cast into level 3 of the Abyss (a wizard)
 41435 | Abyss:3  | Noticed a hellephant
 41504 | Abyss:3  | Gained mutation: You are partially covered in iridescent
                  | scales. (AC +2) [a neqoxec]
 41514 | Abyss:3  | Gained mutation: You have a pair of large horns on your
                  | head. [a neqoxec]
 41629 | Abyss:4  | Noticed a bone dragon
 41672 | Abyss:4  | Found a corrupted altar of Lugonu.
 41686 | Abyss:4  | Found a transporter.
 41724 | Abyss:4  | Noticed a dread lich
 41732 | Abyss:4  | Killed a dread lich
 41740 | Abyss:4  | Found a transporter.
 41745 | Abyss:4  | Found a transporter.
 41746 | Abyss:4  | Reached XP level 20. HP: 182/206 MP: 3/19
 41746 | Abyss:4  | Reached XP level 21. HP: 189/214 MP: 3/20
 41746 | Abyss:4  | Got an abyssal rune of Zot
 41801 | Abyss:4  | Found a transporter.
 41828 | Vaults:2 | Escaped the Abyss
 42394 | Vaults:2 | Found a staircase to the Crypt.
 42794 | Vaults:3 | Reached XP level 22. HP: 191/224 MP: 21/21
 43349 | Vaults:3 | Received a gift from Trog
 43587 | Vaults:4 | Found Taohax's Assorted Antiques.
 43597 | Vaults:4 | Bought a scroll of fog for 86 gold pieces
 43597 | Vaults:4 | Bought a scroll of fog for 86 gold pieces
 43646 | Vaults:4 | Found Riesolych's Book Emporium.
 44013 | Vaults:4 | Received a gift from Trog
 44920 | Depths:1 | Entered Level 1 of the Depths
 45074 | Depths:1 | You fall into a shaft and drop 1 floor!
 45114 | Depths:2 | Noticed Asterion
 45122 | Depths:2 | Killed Asterion
 45148 | Depths:2 | Reached ****** piety under Trog
 45464 | Depths:1 | Received a gift from Trog
 45534 | Depths:1 | Found a one-way gateway to a ziggurat.
 45566 | Depths:1 | Found a gateway to Hell.
 45576 | Depths:1 | Reached skill level 27 in Fighting
 46291 | Depths:2 | Reached XP level 23. HP: 240/240 MP: 22/22
 47257 | Depths:2 | Received a gift from Trog
 47317 | Depths:2 | Found a one-way gate leading to the halls of Pandemonium.
 47640 | Depths:3 | Noticed Parghit
 47665 | Depths:3 | Killed Parghit
 47791 | Depths:3 | Killed from afar by a living spell

Illustrated notes

Levels and vault maps discovered:
D:1:      saegor_arrival_miasma, layout_loops_ring, nicolae_shop_unique_rings,
          minmay_misc_feat_more_columns
D:2:      layout_loops_ring, chequers_avenue, minmay_rat_gold_closets
D:3:      layout_basic, general_overflow_altar, shapermc_ecumenical_altar_venn,
          minmay_misc_feat_columns, uniq_jessica, uniq_sigmund
D:4:      layout_loops_corners, serial_co_window_serial, co_window_paths_a,
          co_window_corner_a, co_window_of_opportunity_a, co_window_cross_1,
          co_window_paths_b, co_window_of_opportunity_b,
          co_window_unsneaky_path_a, co_window_paths_c, co_window_broadway_c,
          co_window_corner_ca, co_window_of_opportunity_b, glass_columns_b,
          glass_columns_b, glass_columns_b, uniq_robin
D:5:      minmay_chambers_of_threes, layout_rooms
D:6:      layout_loops_ring, mainiacjoe_overflow_swirl,
          minmay_temple_entry_trees, kennysheep_crisscross,
          kennysheep_cross_room, uniq_eustachio, uniq_crazy_yiuf_cottage,
          uniq_maggie, uniq_pikel
D:7:      layout_basic, lightli_bailey_entry_fortress, uniq_joseph
D:8:      layout_rooms, uniq_erica
D:9:      minmay_klotski, layout_basic, dpeg_lair_monsters, serial_undead,
          serial_undead_e, serial_undead_f, serial_undead_c, serial_undead_e
D:10:     layout_loops_ring, tgw_kikubaaqudgha, serial_shops, shop,
          bh_hangedman_babel_library, uniq_nergalle
D:11:     layout_layer_cave, minmay_evil_grid, uniq_erolcha, uniq_psyche
D:12:     layout_long_grid, orc_0_dummy
D:13:     layout_cave_pools, minmay_misc_feat_nine_boxes, kennysheep_slug_shrine
D:14:     layout_big_octagon, grunt_vaults_entry_fortified,
          gammafunk_ghost_cemetery, portal_ice_cave_entry_dragon, nrook_uturn,
          tgw_trog
D:15:     hangedman_depths_entry_civil_slaughter, layout_small_grid,
          gauntlet_entry_generic, nicolae_figureground_pulse, item_on_display_b
Lair:1:   beast_lair_carwin_large_1, layout_cave_pods,
          maelrawn_ghost_gauntlet_escape, serial_bayou_shore_a,
          lemuel_fruit_tree
Lair:2:   layout_regular_city, guppyfry_snake_entry_island
Lair:3:   layout_regular_city, grunt_megastairs_2, infiniplex_staircase_pool
Lair:4:   layout_layer_cave, minmay_swamp_entry_swarm, pf_torpor_hydra
Lair:5:   layout_regular_city, minmay_slime_entry_jelly_boxes, uniq_kirke
Lair:6:   minmay_lair_end_frog_pond, layout_cave_pods
Swamp:1:  nicolae_swamp_standing_stones, layout_basic_swamp,
          nicolae_swamp_fairy_circle, swamp_pool2, hangedman_swamp_cone,
          cheibrodos_swamp_pet_leeches
Swamp:2:  layout_falls_marsh, evilmike_swamp_ruin_house_4, swamp_pool1
Swamp:3:  layout_basic_swamp, lemuel_altar_in_water
Swamp:4:  byrel_swamp_growth_death_and_undeath, layout_basic_swamp, uniq_nikola,
          uniq_mlioglotl, uniq_louise, uniq_mara
Snake:1:  nicolae_snake_shooting_gallery, layout_grid_maze,
          hangedman_feature_mirror, uniq_roxanne
Snake:2:  layout_layer_cave, serial_shops, shop
Snake:3:  layout_cave_town, serial_shops, shop, grunt_megastairs_3
Snake:4:  snake_pit, layout_cave_town, grunt_megastairs_5
Slime:1:  layout_caves
Orc:1:    minmay_goldmine, layout_caves, serial_shops, shop,
          nicolae_shop_bloodbath_and_beyond, shop, basic_altar,
          nicolae_orc_lost_temple
Orc:2:    st_orc_ogre_mass, layout_diamond_mine
Vaults:1: nicolae_vaults_little_squares_5, v_pattern_4, ontoclasm_vaults_bender,
          v_misc_13, nicolae_vaults_border_crossing, layout_vaults_omnigrid,
          uniq_aizul
Vaults:2: minmay_crypt_entry_simple_corners, nicolae_vaults_network_s,
          v_rooms_4, hangedman_vaults_stream, nicolae_vaults_little_squares_2,
          nicolae_vaults_hallways_thing, nicolae_vaults_little_squares_3,
          vaults_mumra_hex, nicolae_vaults_mini_display_case,
          vaults_dpeg_diagonal, layout_vaults_omnicross, serial_shops, shop
Vaults:3: vaults_room_door_hall, nicolae_vaults_little_squares_3,
          nicolae_vaults_yaktaur_gun_rack, v_alt_pattern_5,
          hangedman_vaults_variations, v_rooms_4, vaults_dpeg_ring, v_misc_28,
          layout_vaults_ring
Vaults:4: vaults_room_ringed_pool, ontoclasm_vaults_ligature,
          hangedman_vaults_maws, v_rooms_6, vaults_room_pools,
          vaults_room_corners, nicolae_vaults_little_squares_3,
          vaults_room_hallway, vaults_room_grunt_arrival_checkpoint,
          hangedman_vaults_stretched_pinwheel, layout_vaults_chaotic_city,
          serial_shops, shop_statue, shop
Depths:1: layout_cave_shapes, enter_ziggurat_b, grunt_mini_vestibule,
          nicolae_sextant, serial_sigils_hangedman_shear, hangedman_glass_teeth,
          kennysheep_generic_room_7
Depths:2: minmay_connected_boxes_in_corner, layout_honeycomb, pan_entry,
          nicolae_twisting_strands, hellmouth_1, moated_statue,
          minmay_misc_feat_four_crosses, uniq_asterion
Depths:3: ragdoll_tomb_raider, layout_gridlike, chequers_serial_rivers_marsh,
          grunt_hell_entry_dis_old, abyss_entry_crystal, st_stairs_13,
          chequers_serial_rivers_micro_d, nrook_pool_corridor, uniq_parghit

Skill      XL: |  1  2  3  4  5  6  7  8  9 10 11 12 13 14 15 16 17 18 19 20 21 22 23 |
---------------+----------------------------------------------------------------------+-----
Axes           | 4 5 6 8 9 10 11 13 16 18 21 24 26 27 | 27.0
Armour         | 3 6 8 11 14 15 17 18 20 22 24 | 24.5
Evocations     | 4 9 10 11 12 | 12.5
Fighting       | 7 10 12 15 17 21 24 27 | 27.0
Dodging        | 6 8 9 |  9.1

Action                   |  1- 3 |  4- 6 |  7- 9 | 10-12 | 13-15 | 16-18 | 19-21 | 22-24 || total
-------------------------+-------+-------+-------+-------+-------+-------+-------+-------++-------
Melee: Hand axe          |    77 |    62 |    89 |       |       |       |       |       ||   228
       Headbutt          |     5 |    10 |    38 |   111 |   188 |   258 |   125 |   205 ||   940
       Punch             |       |     1 |     5 |     6 |     1 |       |       |       ||    13
       War axe           |       |       |   138 |    81 |       |       |       |       ||   219
       Broad axe         |       |       |       |   436 |    96 |       |       |       ||   532
       Unarmed           |       |       |       |     2 |     6 |       |       |       ||     8
       Whip              |       |       |       |    18 |    10 |       |       |       ||    28
       Executioner's axe |       |       |       |       |   668 |   991 |   403 |   564 ||  2626
       Battleaxe         |       |       |       |       |    54 |    89 |       |       ||   143
Throw: Boomerang         |       |       |       |       |     1 |       |       |       ||     1
Invok: Berserk           |     6 |     5 |    12 |    20 |     6 |    15 |     4 |     3 ||    71
       Trog's Hand       |       |     2 |     5 |     7 |     4 |    12 |     4 |     1 ||    35
       Brothers in Arms  |       |       |       |       |     1 |     3 |     5 |       ||     9
Evoke: Wand              |       |       |       |     1 |    15 |    12 |     1 |     6 ||    35
       Tin of tremorston |       |       |       |     1 |     3 |     6 |       |     4 ||    14
       Phial of floods   |       |       |       |       |     1 |       |       |       ||     1
  Use: Scroll            |       |     7 |     3 |    18 |    25 |    13 |     6 |     1 ||    73
       Potion            |       |     2 |     5 |     7 |     3 |     9 |     9 |     1 ||    36
 Stab: Sleeping          |       |       |       |     2 |       |     1 |     2 |     6 ||    11
       Distracted        |       |       |       |       |       |     3 |       |     1 ||     4
       Invisible         |       |       |       |       |       |     1 |       |       ||     1
Armor: Animal skin       |     4 |       |       |       |       |       |       |       ||     4
       Leather armour    |     4 |       |       |       |       |       |       |       ||     4
       Ring mail         |    10 |    16 |       |       |       |       |       |       ||    26
       Chain mail        |       |     7 |    91 |    32 |       |       |       |       ||   130
       Plate armour      |       |       |       |     6 |       |       |       |       ||     6
       Scale mail        |       |       |       |    85 |   412 |   825 |   328 |   388 ||  2038
       Steam dragon scal |       |       |       |    92 |       |       |       |       ||    92
       Gold dragon scale |       |       |       |       |       |       |       |     2 ||     2
Dodge: Dodged            |    49 |    31 |    92 |   234 |   346 |   642 |   253 |   383 ||  2030

Table legend: (Time is in decaauts)
 A = Elapsed time spent in this place.
 B = Non-inter-level travel time spent in this place.
 C = Inter-level travel time spent in this place.
 D = Time resting spent in this place.
 E = Time spent auto-exploring this place.
 F = Levels seen in this place.
 G = Mean time per level.
                   A        B        C        D        E       F      G
               +--------+--------+--------+--------+--------+-----+--------+
         Total |  47595 |  44029 |   3566 |  10087 |  23129 |  47 | 1012.7 |
       Dungeon |  18114 |  16305 |   1809 |   4307 |   8600 |  15 | 1207.6 |
          Lair |   8004 |   7353 |    651 |   1625 |   4243 |   6 | 1334.0 |
         Swamp |   4206 |   4006 |    200 |   1497 |   1508 |   4 | 1051.5 |
     Snake Pit |   4877 |   4623 |    254 |    889 |   2645 |   4 | 1219.2 |
    Slime Pits |      1 |      1 |      0 |      0 |      0 |   1 |    1.0 |
  Orcish Mines |   1964 |   1661 |    303 |    127 |   1013 |   2 |  982.0 |
        Vaults |   5035 |   4760 |    275 |    631 |   3032 |   4 | 1258.8 |
        Depths |   2778 |   2707 |     71 |    450 |   1635 |   3 |  926.0 |
         Abyss |    776 |    776 |      0 |      0 |      0 |   5 |  155.2 |
        Bailey |    366 |    366 |      0 |     83 |      0 |   1 |  366.0 |
      Ice Cave |   1083 |   1083 |      0 |    376 |    389 |   1 | 1083.0 |
      Gauntlet |    386 |    386 |      0 |    100 |     62 |   1 |  386.0 |
               +--------+--------+--------+--------+--------+-----+--------+

Top non-repeatable levels by time:
     D:9: 2554 daAuts
     D:4: 1805 daAuts
  Lair:5: 1767 daAuts
Depths:2: 1642 daAuts
     D:6: 1506 daAuts
 Snake:4: 1490 daAuts
Vaults:2: 1483 daAuts
    D:11: 1482 daAuts
     D:3: 1480 daAuts
  Lair:6: 1474 daAuts
Vaults:1: 1392 daAuts
  Lair:1: 1367 daAuts
 Snake:1: 1359 daAuts
 Swamp:3: 1337 daAuts
  Lair:4: 1333 daAuts
